 Dungeon Crawl Stone Soup version 0.29-a0-284-gf9362112df (webtiles) character file.

Game seed: 10184387368069191611

9 sokol815 the Sneak (level 2, 0/19 HPs)
             Began as a Gargoyle Delver on Mar 25, 2022.
             Slain by an elf zombie (5 damage)
             ... in an ossuary.
             The game lasted 00:01:33 (369 turns).

sokol815 the Sneak (Gargoyle Delver)                 Turns: 369, Time: 00:01:33

Health: 0/19       AC:  5    Str: 15    XL:     2   Next: 12%
Magic:  2/2        EV: 11    Int: 10    God:
Gold:   0          SH:  0    Dex: 11    Spells: 1/1 levels left

rFire   . . .      SeeInvis .   a - +0 hand axe
rCold   . . .      Faith    .   (no shield)
rNeg    + . .      Spirit   .   b - +0 leather armour
rPois   ∞          Reflect  .   (no helmet)
rElec   +          Harm     .   (no cloak)
rCorr   .          Rampage  .   (no gloves)
Will    .....                   (no boots)
Stlth   +++.......              (no amulet)
HPRegen 0.06/turn               (no ring)
MPRegen 0.08/turn               (no ring)

@: hasted, very quick
A: sickness immunity, AC +2, negative energy resistance 1, electricity
resistance, torment resistance 1, petrification resistance
a: no special abilities


You were in an ossuary.
You visited 1 branch of the dungeon, and saw 1 of its levels.
You also visited: Ossuary.

Inventory:

Hand Weapons
 a - a +0 hand axe (weapon)
Missiles
 s - 4 stones (quivered)
Armour
 b - a +0 leather armour (worn)
Wands
 d - a wand of digging (3)
Scrolls
 c - a scroll of fog
 E - a scroll of fear
 X - a scroll of magic mapping {@r4!r}


   Skills:
 + Level 3.5 Fighting
 * Level 2.3 Axes
 - Level 1.5 Dodging
 - Level 5.4 Stealth


You had one spell level left.
You didn't know any spells.
Your spell library was empty.

Dungeon Overview and Level Annotations

Branches:
Dungeon (5/15)            Ossuary (1/1)
 Temple: D:4-7

Altars:


Innate Abilities, Weirdness & Mutations

You are immune to sickness and miasma.
Your stone body is resilient. (AC +2)
You are immune to poison.
You resist negative energy. (rN+)
You are resistant to electric shocks. (rElec)
You are resistant to unholy torment.
You are immune to petrification.


Message History

You hit the jackal zombie.
You destroy the jackal zombie!
No target in view!
You start resting.
Health restored: 14 You throw a stone.
The stone hits the kobold zombie.
You throw a stone. The stone hits the kobold zombie.
You throw a stone.
The stone barely misses the kobold zombie.
You throw a stone.
The stone closely misses the kobold zombie.
You throw a stone.
The stone closely misses the kobold zombie.
You hit the kobold zombie.
You destroy the kobold zombie!
You have reached level 2!
Health restored: 19; MP restored: 2 You start waiting.
Done waiting.
A goblin zombie comes into view.
You throw a stone.
The stone hits the goblin zombie but does no damage.
You throw a stone. The stone hits the goblin zombie.
You throw a stone.
The stone barely misses the goblin zombie.
You throw a stone. The stone hits the goblin zombie.
You throw a stone. The stone hits the goblin zombie.
You throw a stone.
The stone barely misses the goblin zombie.
You hit the goblin zombie. You punch the goblin zombie.
You destroy the goblin zombie!
No target in view!
No target in view!
A rat zombie comes into view.
You see here a stone.
You throw a stone. The stone hits the rat zombie.
You throw a stone. The stone hits the rat zombie.
You throw a stone. The stone hits the rat zombie.
You throw a stone.
The stone hits the rat zombie but does no damage.
You throw a stone. The stone barely misses the rat zombie.
You barely miss the rat zombie. The rat zombie barely misses you.
You hit the rat zombie.
You destroy the rat zombie!
No target in view!
s - 4 stones (gained 1)
s - 5 stones (gained 1)
s - 6 stones (gained 1)
s - 8 stones (gained 2)
s - 9 stones (gained 1)
An orc zombie comes into view.
You see here a stone.
You see here 2 stones.
You throw a stone. The stone hits the orc zombie.
You throw a stone. The stone hits the orc zombie.
You throw a stone. The stone hits the orc zombie.
You throw a stone.
The stone hits the orc zombie but does no damage.
You throw a stone. The stone hits the orc zombie.
You destroy the orc zombie!
s - 5 stones (gained 1)
s - 7 stones (gained 2)
s - 8 stones (gained 1)
s - 9 stones (gained 1)
An elf zombie comes into view.
An adder zombie comes into view.
You throw a stone. The stone hits the elf zombie.
You throw a stone.
The stone completely misses the elf zombie.
You throw a stone. The stone hits the elf zombie.
You throw a stone. The stone barely misses the elf zombie.
You throw a stone. The stone barely misses the elf zombie.
You hit the elf zombie. You barely miss the adder zombie.
The adder zombie barely misses you.
The elf zombie hits you but does no damage.
You hit the elf zombie. You completely miss the adder zombie.
The adder zombie bites you but does no damage.
The elf zombie barely misses you. The adder zombie barely misses you.
You hit the elf zombie. You barely miss the adder zombie.
The adder zombie bites you but does no damage.
The elf zombie hits you.
You take 6 damage, and have 13/19 hp.
MASSIVE DAMAGE!!
You hit the elf zombie. You hit the adder zombie.
The adder zombie closely misses you.
The elf zombie hits you but does no damage.
You barely miss the elf zombie. You closely miss the adder zombie.
The adder zombie closely misses you. The elf zombie hits you.
You take 3 damage, and have 10/19 hp.
You feel yourself speed up.
The adder zombie bites you but does no damage.
The adder zombie barely misses you.
You hit the elf zombie. You closely miss the adder zombie.
The elf zombie hits you.
* * * LOW HITPOINT WARNING * * *
You take 5 damage, and have 5/19 hp.
MASSIVE DAMAGE!!
You barely miss the elf zombie. You hit the adder zombie.
The adder zombie misses you. The elf zombie hits you.
You die...

#...................
#......########.....
#...#### ##.. #..##
. #..# #..##
#...####
#......######
#....@Z((.(.(
#.....Z((.((.
#......######
#...#### #..## #..+
#..# #... #...


You could see an adder zombie and an elf zombie.

Vanquished Creatures
  An adder zombie (Ossuary)
  A goblin zombie (Ossuary)
  A jackal zombie (Ossuary)
  A kobold zombie (Ossuary)
  An orc zombie (Ossuary)
  A quokka zombie (Ossuary)
  2 rat zombies (Ossuary)
8 creatures vanquished.

Notes
Turn   | Place    | Note
-------+----------+-------------------------------------------
     0 | D:5      | sokol815 the Gargoyle Delver began the quest for the Orb.
     0 | D:5      | Reached XP level 1. HP: 14/14 MP: 1/1
     7 | D:5      | Found a sand-covered staircase.
     8 | D:5      | Noticed an iguana
    12 | Ossuary  | Entered an ossuary
    68 | Ossuary  | Reached skill level 2 in Axes
   210 | Ossuary  | Reached XP level 2. HP: 19/19 MP: 2/2
   369 | Ossuary  | Slain by an elf zombie

Illustrated notes

Levels and vault maps discovered:
D:5:      layout_cave_pools, lightli_ossuary_entry_decrepit_ruins,
          uniq_blork_the_orc, uniq_edmund
Ossuary:  minmay_ossuary_two_tombs

Skill      XL: |  1 |
---------------+----+-----
Axes           | 2 |  2.3
Fighting       | |  3.5
Dodging        | |  1.5
Stealth        | |  5.4

Action                   || total
-------------------------++-------
Melee: Hand axe          ||    30
       Punch             ||     1
Throw: Stone             ||    29
  Use: Potion            ||     1
Armor: Leather armour    ||    11
Dodge: Dodged            ||    18

Table legend: (Time is in decaauts)
 A = Elapsed time spent in this place.
 B = Non-inter-level travel time spent in this place.
 C = Inter-level travel time spent in this place.
 D = Time resting spent in this place.
 E = Time spent auto-exploring this place.
 F = Levels seen in this place.
 G = Mean time per level.
                   A        B        C        D        E       F      G
               +--------+--------+--------+--------+--------+-----+--------+
         Total |    377 |    377 |      0 |    216 |      0 |   2 |  188.5 |
       Dungeon |     12 |     12 |      0 |      0 |      0 |   1 |   12.0 |
       Ossuary |    365 |    365 |      0 |    216 |      0 |   1 |  365.0 |
               +--------+--------+--------+--------+--------+-----+--------+

Top non-repeatable levels by time:
 Ossuary: 365 daAuts
     D:5: 12 daAuts

Table legend:
 A = Kills in this place as a percentage of kills in entire the game.
 B = Kills by you in this place as a percentage of kills by you in the entire game.
 C = Kills by friends in this place as a percentage of kills by friends in the entire game.
 D = Other kills in this place as a percentage of other kills in the entire game.
 E = Experience gained in this place as a percentage of experience gained in the entire game.
 F = Experience gained in this place divided by the number of levels of this place that you have seen.
                   A       B       C       D       E      F
               +-------+-------+-------+-------+-------+----------------------
         Total | 100.0 | 100.0 |   N/A |   N/A | 100.0 |   6.5
       Ossuary | 100.0 | 100.0 |   N/A |   N/A | 100.0 |  13.0
               +-------+-------+-------+-------+-------+----------------------
